AoeStats
← 啊超

Nomad

506402182Analyzed
4v4 RM · 18d ago on Sep 13, 2026· 56m 58s· 8 players
Game mode
Random Map
Map size
231×231
Population
200
Speed
Normal
Resources
Standard
Victory
Conquest
Starting age
Dark Age
Ending age
Imperial Age
RankedLock teamsTeams togetherTeam positionsShared explorationLock speedFull tech treeHidden civsTurbo modeCheats
Victory
Defeat
🇦🇹 Aztecs · Austria
1059
+15
🇨🇳 Huns · China
1031
+16
1014
+17
🇬🇷 Celts · Greece
1013
+17
🇦🇷 Saracens · Argentina
1061
-17
🇹🇼 Persians · Taiwan
1058
-17
🇭🇰 Vietnamese · Hong Kong SAR China
1042
-17
🇦🇺 Huns · Australia
978
-14
啊超
3:16 Loom
14:01 Feudal Age
18:36 Castle Age
18:28 Double-Bit Axe
21:51 Fletching
22:02 Padded Archer Armor
23:25 Bodkin Arrow
24:33 Leather Archer Armor
27:19 Forging
27:15 Scale Barding Armor
28:43 Horse Collar
30:18 Gold Mining
33:59 Imperial Age
32:11 Marauders
32:31 Bow Saw
32:41 Stone Mining
33:00 Husbandry
33:12 Bloodlines
35:50 Wheelbarrow
35:19 Bracer
36:24 Chemistry
35:51 Ballistics
36:29 Heavy Cavalry Archer
38:08 Parthian Tactics
38:49 Elite Tarkan
40:15 Pikeman
41:38 Iron Casting
41:04 Scale Mail Armor
41:03 Halberdier
41:30 Arson
42:38 Squires
43:50 Chain Mail Armor
45:52 Blast Furnace
45:13 Chain Barding Armor
47:33 Elite Skirmisher
55:13 Plate Barding Armor
fotolithos
14:05 Loom
16:48 Feudal Age
17:44 Fishing Lines
18:20 Double-Bit Axe
23:24 Castle Age
24:41 Stone Mining
25:03 Bow Saw
25:30 Wheelbarrow
24:32 Pikeman
24:44 Light Cavalry
25:42 Arson
30:12 Forging
30:04 Scale Mail Armor
32:20 Hand Cart
36:01 Gold Mining
41:04 Imperial Age
41:21 Gold Shaft Mining
41:14 Heavy Scorpion
42:54 Ballistics
43:35 Chemistry
43:04 Halberdier
46:06 Capped Ram
51:28 Siege Ram
Lord Agu
5:01 Loom
16:11 Feudal Age
17:14 Fishing Lines
19:48 Castle Age
20:28 Wheelbarrow
20:19 Double-Bit Axe
20:31 Gold Mining
22:17 Redemption
22:28 Sanctity
22:37 Sanctity
27:12 Medium Warships
29:24 Forging
30:46 Iron Casting
31:42 Hand Cart
34:13 Herbal Medicine
38:43 Imperial Age
38:54 Gold Shaft Mining
40:24 Blast Furnace
41:16 Conscription
41:43 Block Printing
49:21 Horse Collar
55:13 Heavy Plow
55:27 Bow Saw
Sakullius-of-Coursistan
6:47 Loom
14:47 Feudal Age
22:53 Castle Age
23:17 Bloodlines
26:54 Wheelbarrow
29:16 Hand Cart
30:47 Stone Mining
32:09 Forging
32:05 Scale Barding Armor
33:33 Iron Casting
33:49 Town Watch
37:07 Imperial Age
35:23 Husbandry
36:26 Town Patrol
36:50 Chain Barding Armor
36:55 Horse Collar
37:03 Double-Bit Axe
37:29 Heavy Camel Rider
40:52 Blast Furnace
40:34 Plate Barding Armor
40:32 Bow Saw
41:34 Imperial Camel Rider
42:07 Fletching
43:00 Conscription
42:55 Grand Trunk Road
46:25 Two-Man Saw
46:26 Heavy Plow
52:37 Chemistry
51:48 Masonry
B仔
13:25 Feudal Age
13:07 Loom
20:02 Castle Age
18:15 Double-Bit Axe
18:12 Horse Collar
21:29 Bow Saw
23:55 Wheelbarrow
30:46 Thumb Ring
31:40 Fletching
32:22 Gold Mining
34:33 Husbandry
34:44 Bloodlines
37:31 Imperial Age
35:21 Hand Cart
37:04 Bodkin Arrow
37:09 Padded Archer Armor
37:34 Ballistics
36:55 Treadmill Crane
37:11 Murder Holes
39:15 Town Watch
40:16 Bracer
40:31 Leather Archer Armor
40:51 Heavy Plow
42:04 Chemistry
40:51 Elite Rattan Archer
42:04 Town Patrol
44:24 Paper Money
44:05 Chatras
44:41 Hoardings
45:52 Crop Rotation
46:25 Two-Man Saw
45:46 Elite Battle Elephant
47:05 Forging
51:36 Ring Archer Armor
51:13 Scale Barding Armor
51:43 Iron Casting
血手人屠
3:29 Loom
18:07 Feudal Age
22:51 Castle Age
21:21 Double-Bit Axe
27:40 Bow Saw
27:37 Horse Collar
33:00 Wheelbarrow
33:43 Stone Mining
34:07 Gold Mining
36:42 Bloodlines
36:32 Husbandry
36:41 Scale Barding Armor
37:06 Forging
38:17 Chain Barding Armor
40:31 Hand Cart
41:42 Gold Shaft Mining
43:58 Iron Casting
48:17 Imperial Age
49:55 Elite Mameluke
only play blackforest map
XiaoZhan
13:39 Loom
16:07 Feudal Age
16:50 Double-Bit Axe
23:41 Castle Age
22:44 Scale Barding Armor
24:05 Bloodlines
25:07 Bow Saw
28:01 Chain Barding Armor
35:55 Fletching
37:28 Wheelbarrow
37:26 Bodkin Arrow
49:35 Guard Tower
Connection lost

Rejoining the realm…

Still unreachable

The connection could not be restored.

Session expired

The server has moved on; the page needs a fresh start.